 Dungeon Crawl Stone Soup version 0.28-a0-1624-g820543e53a (webtiles) character file.

Game seed: 10618466888157034995

172 Pin the Skirmisher (level 5, -10/47 HPs)
             Began as a Hill Orc Fighter on Jan 23, 2022.
             Mangled by an ogre (15 damage)
             ... on level 3 of the Dungeon.
             The game lasted 00:03:44 (2919 turns).

Pin the Skirmisher (Hill Orc Fighter)               Turns: 2919, Time: 00:03:44

Health: -10/47     AC: 12    Str: 21    XL:     5   Next: 53%
Magic:  5/5        EV:  2    Int:  8    God:
Gold:   72         SH: 12    Dex: 10    Spells: 4/4 levels left

rFire   . . .      SeeInvis +   a - +0 war axe
rCold   . . .      Faith    .   f - +0 tower shield
rNeg    . . .      Spirit   .   l - +0 plate armour
rPois   .          Reflect  .   (no helmet)
rElec   .          Harm     .   (no cloak)
rCorr   .          Rampage  .   (no gloves)
Will    .....                   (no boots)
Stlth   ..........              (no amulet)
HPRegen 0.15/turn               k - ring of see invisible
MPRegen 0.09/turn               (no ring)

@: no status effects
A: no striking features
a: no special abilities


You were on level 3 of the Dungeon.
You visited 1 branch of the dungeon, and saw 3 of its levels.

You collected 72 gold pieces.

Inventory:

Hand Weapons
 a - a +0 war axe (weapon)
Armour
 f - a +0 tower shield (worn)
 l - a +0 plate armour (worn)
Jewellery
 k - a ring of see invisible (left hand)
Scrolls
 c - 3 scrolls of silence {unknown}
 e - 2 scrolls of identify {unknown}
 g - a scroll of fog {unknown}
 h - a scroll of enchant armour {unknown}
 i - a scroll of holy word {unknown}
 j - a scroll of summoning {unknown}
Potions
 b - a potion of lignification {unknown}
 d - a potion of might
 m - a potion of flight {unknown}


   Skills:
 + Level 4.8 Fighting
 + Level 4.2 Axes
 + Level 4.4 Armour
 + Level 4.3 Shields


You had 4 spell levels left.
You didn't know any spells.
Your spell library contained the following spells:

 Spells                   Type           Power      Damage    Failure   Level
 Corpse Rot               Necr/Air       0%         N/A       100%        2
 Poisonous Vapours        Pois/Air       0%         N/A       100%        2
 Gell's Gravitas          Tloc           0%         N/A       100%        3
 Lesser Beckoning         Tloc           0%         N/A       100%        3
 Teleport Other           Tloc           0%         N/A       100%        3


Dungeon Overview and Level Annotations

Branches:
Dungeon (3/15)

Altars:
Uskayaw

Shops:
D:3 *


Message History

Natasha casts a spell at you. You resist with some effort.
You are too injured to fight recklessly!
You are too injured to fight recklessly!
You are too injured to fight recklessly!
You are too injured to fight recklessly!
You are too injured to fight recklessly!
You are too injured to fight recklessly!
You are too injured to fight recklessly!
You are too injured to fight recklessly!
You are too injured to fight recklessly!
You are too injured to fight recklessly!
You closely miss Natasha.
Natasha is almost dead.
You hit the white imp. You hit the ogre. You barely miss the goblin.
The white imp gestures at you. The puff of frost hits you!
* * * LOW HITPOINT WARNING * * *
You block the goblin's attack.
Natasha wildly gestures.
Natasha's front paws start to glow.
Natasha claws you but does no damage.
The ogre hits you with a +0 giant spiked club.
* * * LOW HITPOINT WARNING * * *
You block the white imp's attack.
You slash Natasha!
You kill Natasha!
You feel Natasha's spirit has finally been put to rest.
The white imp disappears in a puff of smoke!
You hit the goblin. You hit the ogre. The goblin hits you but does no damage.
You block the ogre's attack. You block the goblin's attack.
The goblin hits you with a +0 long sword.
* * * LOW HITPOINT WARNING * * *
You block the ogre's attack.
You slash the goblin!
You kill the goblin!
Things that are here:
a +0 dagger; 4 stones; a kobold skeleton The ogre hits you with a +0 giant spiked club!
You die...

..........'.#.#.#
#.
...####..)#.#...#
#.
####...#.########
#.
.................#
#>
#####.........##.#
#.
..............#.#
#.
.###..........#.#
#. #.......O..#.#
#........@.#.#
##########.#.#
#.#.# #.# #.# #.#
#.# #.# #.# ###


You could see an ogre.

Vanquished Creatures
  Terence (D:3)
  Natasha (thrice) (D:3)
  2 adders
  2 worms (D:2)
  2 dart slugs
  3 endoplasms
  2 giant cockroaches (D:1)
  3 goblins
  6 hobgoblins
  7 kobolds
  3 quokkas (D:1)
  A ball python (D:1)
  2 bats (D:3)
  5 frilled lizards
  7 rats
49 creatures vanquished.

Vanquished Creatures (others)
  2 plants (D:3)
2 creatures vanquished.

Grand Total: 51 creatures vanquished

Notes
Turn   | Place    | Note
-------+----------+-------------------------------------------
     0 | D:1      | Pin the Hill Orc Fighter began the quest for the Orb.
     0 | D:1      | Reached XP level 1. HP: 19/19 MP: 1/1
   233 | D:1      | Reached XP level 2. HP: 20/27 MP: 2/2
   967 | D:2      | Reached XP level 3. HP: 33/33 MP: 3/3
  1948 | D:3      | Noticed Terence
  1962 | D:3      | Killed Terence
  1963 | D:3      | Reached XP level 4. HP: 36/41 MP: 4/4
  2289 | D:3      | Found a hide-covered altar of Uskayaw.
  2346 | D:3      | Found Josus's Assorted Antiques.
  2543 | D:3      | Noticed Natasha
  2550 | D:3      | Killed Natasha
  2551 | D:3      | Reached XP level 5. HP: 23/47 MP: 5/5
  2788 | D:3      | Noticed Natasha
  2797 | D:3      | Killed Natasha
  2874 | D:3      | Noticed Natasha
  2880 | D:3      | Noticed an ogre
  2888 | D:3      | Killed Natasha
  2892 | D:3      | HP: 1/47 [goblin (6)]
  2919 | D:3      | Mangled by an ogre

Illustrated notes

Levels and vault maps discovered:
D:1:      giann_bridges, layout_basic
D:2:      layout_loops_ring, nicolae_wormholes
D:3:      layout_basic, lemuel_tele_altar, serial_shops,
          nicolae_shop_overgrown_old_shop, grunt_ministairs_1,
          kennysheep_generic_room_11, uniq_natasha, uniq_terence

Skill      XL: |  1  2  3  4 |
---------------+-------------+-----
Axes           | 3 4 |  4.2
Fighting       | 4 |  4.8
Armour         | 4 |  4.4
Shields        | 4 |  4.3

Action                   |  1- 3 |  4- 6 || total
-------------------------+-------+-------++-------
Melee: War axe           |   113 |    48 ||   161
Armor: Scale mail        |    42 |       ||    42
       Plate armour      |     3 |    33 ||    36
Dodge: Dodged            |    32 |     4 ||    36
Block: Buckler           |     5 |       ||     5
       Tower shield      |    47 |    38 ||    85

Table legend: (Time is in decaauts)
 A = Elapsed time spent in this place.
 B = Non-inter-level travel time spent in this place.
 C = Inter-level travel time spent in this place.
 D = Time resting spent in this place.
 E = Time spent auto-exploring this place.
 F = Levels seen in this place.
 G = Mean time per level.
                   A        B        C        D        E       F      G
               +--------+--------+--------+--------+--------+-----+--------+
         Total |   3020 |   2971 |     49 |    721 |   1749 |   3 | 1006.7 |
       Dungeon |   3020 |   2971 |     49 |    721 |   1749 |   3 | 1006.7 |
               +--------+--------+--------+--------+--------+-----+--------+

Top non-repeatable levels by time:
     D:3: 1149 daAuts
     D:1: 949 daAuts
     D:2: 922 daAuts
